Map: Blueshift LE

Players

Semper - Winner!

  • Race: Terran Terran
  • Spawn Location: 1:00

Rhizer

  • Race: Protoss Protoss
  • Spawn Location: 7:00

Event: WCS Montreal 2018

VOD

Have the link to the VOD?

Description

Time

  • Played on: Sept. 7, 2018, 5:30 p.m.
  • Length: 12:50

All games in this series

Show
View Real Time Build Order
Export as new Build Order

Semper Terran - Winner!

Build Orders: Gas First Reaper Expand, Liberator Opening, Reaper Expand, MMM Bio 

Get SALT Encoding   

  12  0:00  SCV  
  13  0:12  SCV  
  14  0:17  Supply Depot  
  14  0:25  SCV  
  14  0:27  Refinery  
  15  0:38  SCV  
  16  0:44  Barracks  
  16  0:50  SCV  
  17  1:02  SCV  
  18  1:14  SCV  
  19  1:30  Orbital Command  
  19  1:31  Reaper  
  20  1:46  Command Center  
  20  1:57  Factory  
  20  2:01  SCV  
  20  2:05  Barracks Reactor  
  21  2:13  SCV  
  21  2:14  Supply Depot  
  22  2:21  Refinery  
  22  2:26  SCV  
  23  2:38  SCV  
  23  2:42  Starport  
  24  2:49  Hellion x2  
  24  2:51  SCV  
  29  3:03  Orbital Command  
  29  3:06  SCV  
  29  3:11  Hellion  
  31  3:14  Hellion  
  31  3:18  SCV  
  33  3:23  Medivac  
  35  3:30  SCV  
  36  3:34  SCV  
  36  3:40  Supply Depot  
  37  3:43  SCV, Liberator  
  37  3:45  Factory Tech Lab  
  37  3:48  SCV  
  39  3:52  Bunker  
  39  3:57  Marine x2  
  42  4:06  Siege Tank  
  43  4:11  SCV  
  43  4:14  SCV  
  43  4:18  Marine x2  
  43  4:23  Engineering Bay  
  45  4:24  SCV  
  45  4:29  Supply Depot  
  46  4:32  SCV  
  47  4:42  Siege Tank  
  47  4:43  Marine, Viking  
  47  4:45  SCV  
  52  4:51  SCV  
  52  4:52  Missile Turret  
  52  4:54  Marine  
  52  4:59  Barracks  
  53  5:02  Marine  
  53  5:03  Missile Turret  
  53  5:06  SCV x2  
  56  5:18  Barracks, Siege Tank  
  56  5:20  SCV  
  60  5:21  SCV  
  60  5:25  Starport Tech Lab  
  60  5:32  SCV  
  60  5:33  SCV  
  62  5:43  Marine  
  62  5:47  Terran Infantry Weapons Level 1  
  62  5:48  Supply Depot  
  62  5:54  Starport Reactor  
  62  6:02  Supply Depot  
  62  6:03  SCV x2, Siege Tank, Marine x3  
  70  6:14  Stimpack  
  70  6:15  SCV x2, Refinery  
  69  6:20  Marine x2  
  69  6:24  Barracks Tech Lab  
  70  6:27  SCV x2  
  70  6:29  Command Center  
  70  6:32  Marine, Supply Depot  
  73  6:38  Marine  
  73  6:39  SCV x2  
  76  6:46  Refinery  
  76  6:47  Marauder x2, Factory Reactor  
  76  6:50  Combat Shields, Marine  
  76  6:51  SCV x2  
  83  6:56  Marine  
  84  7:01  Supply Depot  
  84  7:03  Medivac, SCV  
  84  7:05  Barracks  
  87  7:09  Barracks  
  87  7:10  Marauder, Marine x2  
  87  7:14  SCV  
  92  7:15  SCV  
  92  7:20  Marine  
  94  7:22  Medivac  
  94  7:27  SCV  
  94  7:28  Marine  
  94  7:29  SCV, Supply Depot  
  98  7:32  Missile Turret, Widow Mine  
  98  7:33  Widow Mine  
  102  7:39  SCV  
  102  7:43  Marauder x2  
  106  7:45  Orbital Command  
  106  7:56  Widow Mine x2, Concussive Shells  
  110  7:59  SCV x2  
  109  8:05  Marine x2  
  109  8:06  Marauder x2  
  109  8:11  SCV x2  
  109  8:12  Medivac x2  
  121  8:13  Barracks Reactor  
  121  8:17  Orbital Command  
  121  8:18  Marine  
  122  8:23  SCV x2, Marine  
  125  8:34  Marine x2  
  125  8:36  SCV x2  
  125  8:40  Supply Depot  
  125  8:41  Supply Depot  
  125  8:50  Liberator  
  125  8:53  Supply Depot  
  125  8:54  Liberator  
  125  8:57  Terran Infantry Armor Level 1  
  125  8:59  SCV x2, Marine x4  
  125  9:00  Marauder  
  125  9:02  Engineering Bay, Armory, Marine  
  134  9:06  Widow Mine  
  134  9:17  Widow Mine, Supply Depot  
  134  9:21  Ghost Academy  
  136  9:26  Refinery  
  136  9:27  Refinery  
  136  9:32  Widow Mine, Supply Depot  
  137  9:39  SCV x2, Liberator x2  
  138  9:45  SCV  
  138  9:46  Missile Turret  
  138  9:51  Supply Depot  
  139  9:59  Ghost x2  
  149  10:00  Ghost  
  149  10:06  Marine x2  
  153  10:11  Supply Depot  
  153  10:15  Marine  
  153  10:16  Terran Infantry Weapons Level 2  
  153  10:25  Marine x3  
  153  10:26  Widow Mine x2  
  160  10:28  Marauder x2  
  160  10:29  Marine  
  160  10:35  Starport  
  161  10:38  Fusion Core  
  161  10:42  SCV  
  162  10:48  Terran Ship Weapons Level 1  
  162  10:49  Marine x3  
  162  10:53  Widow Mine  
  166  10:58  Marine x3  
  166  11:00  Command Center  
  169  11:05  Marine  
  170  11:12  Marine  
  170  11:13  Liberator, Marine x2  
  170  11:15  Marine  
  170  11:16  Marauder, Marine  
  177  11:22  Ghost  
  177  11:24  Liberator  
  179  11:27  Supply Depot x2  
  179  11:31  Starport Tech Lab  
  182  11:33  Liberator, Ghost  
  184  11:46  Marine  
  157  12:06  Marine  
  157  12:07  Marine x6  
  128  12:23  Marine  
  128  12:24  Marine  
  128  12:25  Marauder x2, Marine x3  
Show
View Real Time Build Order
Export as new Build Order

Rhizer Protoss 

Build Orders: 1 Gate Expand, Blink Stalkers 

Get SALT Encoding   

  12  0:00  Probe  
  13  0:12  Probe  
  14  0:18  Pylon  
  14  0:24  Probe  
  15  0:32  Probe  
  15  0:37  Gateway  
  15  0:40  Probe  
  16  0:46  Assimilator  
  17  0:51  Probe  
  18  1:03  Probe  
  19  1:15  Probe  
  20  1:22  Nexus  
  20  1:32  Cybernetics Core  
  20  1:35  Probe  
  21  1:41  Assimilator  
  21  1:47  Probe  
  21  1:52  Pylon  
  22  1:58  Probe  
  23  2:01  Adept  
  23  2:07  Probe  
  23  2:09  Warp Gate  
  23  2:15  Probe  
  26  2:22  Stalker  
  27  2:25  Probe  
  30  2:34  Probe  
  30  2:36  Twilight Council  
  30  2:37  Probe  
  31  2:47  Probe  
  31  2:48  Stalker  
  31  2:50  Probe  
  35  2:59  Blink, Probe  
  35  3:02  Probe  
  37  3:08  Pylon  
  37  3:16  Probe  
  37  3:18  Stalker  
  40  3:22  Probe  
  41  3:28  Probe  
  41  3:34  Probe  
  41  3:35  Gateway  
  41  3:38  Gateway  
  41  3:41  Probe  
  42  3:45  Shield Battery  
  42  3:47  Probe  
  43  3:52  Robotics Facility  
  43  4:02  Probe  
  41  4:08  Probe  
  38  4:11  Probe  
  36  4:19  Probe  
  36  4:20  Probe  
  38  4:29  Probe  
  38  4:30  Stalker  
  40  4:32  Probe  
  40  4:38  Stalker  
  44  4:43  Probe  
  44  4:44  Probe  
  44  4:51  Stalker, Probe  
  46  4:55  Stalker  
  46  4:56  Probe  
  46  4:58  Pylon  
  50  5:00  Probe  
  50  5:04  Assimilator  
  50  5:05  Stalker  
  53  5:08  Probe  
  53  5:10  Pylon  
  54  5:16  Probe, Observer  
  56  5:22  Probe  
  56  5:23  Stalker  
  57  5:31  Charge  
  57  5:33  Probe  
  57  5:34  Probe  
  59  5:37  Observer  
  60  5:44  Nexus  
  60  5:49  Probe  
  61  5:51  Probe  
  61  5:55  Pylon  
  62  5:59  Observer  
  62  6:00  Stalker  
  62  6:02  Probe  
  66  6:05  Pylon  
  66  6:17  Gateway x2  
  66  6:20  Sentry x2  
  66  6:21  Gateway, Probe  
  70  6:26  Probe  
  70  6:27  Immortal  
  71  6:38  Probe  
  71  6:39  Probe  
  77  6:41  Pylon  
  77  6:42  Zealot  
  79  6:48  Sentry, Zealot  
  79  6:50  Probe  
  84  6:54  Forge  
  84  6:57  Forge  
  84  6:58  Probe  
  85  7:01  Protoss Ground Weapons Level 1  
  85  7:06  Immortal, Protoss Ground Armor Level 1  
  89  7:08  Probe x2  
  89  7:14  Probe  
  92  7:21  Pylon, Probe  
  93  7:23  Probe  
  94  7:32  Probe  
  94  7:35  Pylon  
  95  7:42  Zealot x3  
  95  7:43  Zealot x2  
  105  7:45  Immortal  
  105  7:47  Probe  
  105  7:50  Pylon  
  110  7:54  Stalker  
  110  7:56  Assimilator  
  110  7:58  Probe x2  
  114  8:05  Stalker  
  114  8:06  Stalker x3  
  122  8:18  Warp Prism  
  122  8:20  Pylon  
  122  8:24  Pylon x2, Shield Battery, Zealot x2  
  122  8:26  Gateway  
  126  8:28  Protoss Ground Weapons Level 2  
  128  8:39  Zealot x3  
  128  8:40  Zealot  
  128  8:41  Protoss Ground Armor Level 2  
  128  8:46  Zealot, Dark Shrine  
  128  8:47  Zealot  
  132  8:51  Pylon  
  132  8:57  Observer  
  132  9:02  Zealot x2  
  128  9:14  Zealot x3  
  128  9:15  Zealot  
  132  9:23  Robotics Bay  
  132  9:26  Nexus  
  132  9:29  Sentry x2  
  136  9:32  Zealot  
  138  9:40  Photon Cannon  
  138  9:42  Photon Cannon  
  138  9:44  Shield Battery  
  138  9:51  Zealot x2  
  138  9:52  Robotics Facility  
  142  10:00  Zealot x2  
  142  10:01  Zealot x2  
  150  10:09  Pylon  
  150  10:25  Zealot x3  
  156  10:35  Pylon  
  156  10:36  Pylon  
  149  10:48  Dark Templar  
  149  10:49  Dark Templar x3  
  145  10:51  Dark Templar  
  145  10:52  Nexus  
  147  10:57  Warp Prism  
  137  11:18  Probe x3  
  136  11:24  Stalker  
  136  11:25  Stalker x3, Zealot  
  142  11:26  Zealot x2  
  150  11:34  Pylon x2  
  150  11:48  Zealot x2  
  150  11:49  Zealot x4  
  135  12:06  Zealot  
  124  12:11  Zealot  
  124  12:12  Zealot x2  
  130  12:26  Stalker  
  130  12:28  Zealot x3  
Tags
 
Add a new tag
Caveats
  • Supply blocks, unpowered buildings, or Contaminate may cause inaccurate times.
  • Supply counts are checked every 10 seconds.